 Dungeon Crawl Stone Soup version bcrawl-1.39.1 (webtiles) character file.

Game seed: 13741682463435438702

250599 lastchild the Infuser (level 9, 0/65 HPs)
             Began as a Vampire Skald on Sept 16, 2023.
             Was a Follower of Uskayaw.
             Slain by a +0 broad axe of chopping (5 damage)
             ... created by the rancor of the Wu Jian Council
             ... on level 7 of the Dungeon.
             The game lasted 00:56:26 (8533 turns).

lastchild the Infuser (Vampire Skald)               Turns: 8533, Time: 00:56:26

Health: 0/65       AC: 10    Str: 14    XL:     9   Next: 83%
Magic:  11/15      EV: 12    Int: 14    God:    Uskayaw [*.....]
Gold:   456        SH:  2    Dex: 15    Spells: 2/16 levels left

rFire    . . .     GDR:     32% a - +0 long sword
rCold    + . .     SeeInvis +   (no shield)
rNeg     + + .     Gourm    .   e - +3 ring mail
rPois    ∞         Faith    .   (no helmet)
rElec    .         Spirit   .   (no cloak)
rCorr    +         Reflect  .   (no gloves)
MR       +....                  m - +0 pair of boots
Stlth    ++++......             d - amulet of magic regeneration
HPRegen  0.10/turn              h - ring "Raxe" {+Fly MR+}
MPRegen  0.34/turn              l - ring of resist corrosion

@: infused, barbed spikes, regenerating slowly
A: claws 1, fangs 3, see invisible, unbreathing
a: Stomp, Renounce Religion, Evoke Flight


You were on level 7 of the Dungeon.
You worshipped Uskayaw.
Uskayaw was noncommittal.
You were thirsty.

You visited 2 branches of the dungeon, and saw 8 of its levels.

You collected 456 gold pieces.

Inventory:

Hand Weapons
 a - a +0 long sword (weapon)
 i - a +3 hunting sling
 j - a +0 dagger
 y - a +1 dagger of chaos
 B - a +0 hunting sling
 P - a +3 dagger
Missiles
 c - 35 exploding tomahawks
 C - 241 sling bullets
 G - 146 poisoned needles
 L - 89 poisoned tomahawks (quivered)
Armour
 b - a +0 leather armour
 e - a +3 ring mail (worn)
 m - a +0 pair of boots (worn)
 r - a +3 scale mail
 s - a +0 medium shield
 O - the +1 robe of Whack-A-Mole {Str+5 Int+3}
   (You found it on level 6 of the Dungeon)

   It affects your strength (+5).
   It affects your intelligence (+3).
Jewellery
 d - an amulet of magic regeneration (around neck)
 h - the ring "Raxe" (left claw) {+Fly MR+}
   (You found it on level 1 of the Dungeon)

   [ring of flight]

   It affects your resistance to hostile enchantments.
   It lets you fly.
 l - a ring of resist corrosion (right claw)
 H - an uncursed ring of insulation
 J - an uncursed ring of see invisible
Wands
 t - a wand of paralysis (5)
 v - a wand of flame (35)
 z - a wand of polymorph (10)
 F - a wand of iceblast (6)
 K - a wand of disintegration (13)
Scrolls
 f - a scroll of enchant armour {unknown}
 k - 3 scrolls of remove curse
 n - a scroll of amnesia {unknown}
 u - 2 scrolls of teleportation
 w - 2 scrolls of revelation {unknown}
 I - a scroll of fog {unknown}
Potions
 g - 3 potions of heal wounds
 o - 3 potions of agility
 p - 2 potions of haste
 q - 15 potions of blood
 x - a potion of curing {unknown}
 A - a potion of brilliance
 D - 2 potions of degeneration
 E - 2 potions of flight {unknown}
 M - a potion of mutation {unknown}
 N - a potion of invisibility


   Skills:
 - Level 4.1 Fighting
 - Level 6.3 Long Blades
 + Level 6.2 Armour
 - Level 3.0 Dodging
 - Level 5.0 Stealth
 - Level 4.0 Spellcasting
 - Level 6.0 Hexes
 - Level 8.6 Charms
 - Level 1.0 Necromancy
 - Level 2.0 Ice Magic
 - Level 1.0 Air Magic


You had 2 spell levels left.
You knew the following spells:

 Your Spells              Type           Power        Failure   Level  Hunger
a - Infusion              Chrm           ####....     1%          1    None
b - Song of Slaying       Chrm           ####....     1%          2    None
c - Ozocubu's Armour      Chrm/Ice       ###.....     12%         3    ###....
d - Spectral Weapon       Hex/Chrm       ###.....     5%          3    ###....
e - Swiftness             Chrm/Air       ###.....     8%          2    None
f - Regeneration          Chrm/Necr      ###.......   14%         3    ###....

Your spell library contained the following spells:

 Spells                   Type           Power        Failure   Level  Hunger
 Beastly Appendage        Tmut           #.....       34%         1    None
 Passwall                 Tmut/Erth      #.......     47%         2    None
 Sticks to Snakes         Tmut           #.......     47%         2    None
 Spider Form              Tmut/Pois      #..          71%         3    ###....
 Ice Form                 Ice/Tmut       #.......     93%         4    #####..
 Blade Hands              Tmut           #.........   100%        5    ######.


Dungeon Overview and Level Annotations

Branches:
Dungeon (7/12)             Temple (1/1) D:6
   Lair: D:7-9

Altars:
Cheibriados
Dithmenos
Gozag
Hepliaklqana
Kikubaaqudgha
Lugonu
Makhleb
Nemelex Xobeh
Okawaru
Qazlal
Ru
Sif Muna
Uskayaw
Vehumet
Wu Jian
Xom

Annotations:
D:3 2 transporters, kosoiffoigrumme1174's ghost, amateur VSCK


Innate Abilities, Weirdness & Mutations

You heal slowly.
You are immune to poison.
You have sharp fingernails.
You have razor-sharp teeth.
You have supernaturally acute eyesight. (SInv)
You can survive without breathing.


Message History

The +0 broad axe of chopping resists.
The +0 broad axe of chopping is frozen.
The +3 dire flail of crushing hits you.
Snnnck.
The +3 dire flail of crushing resists.
The +3 dire flail of crushing is frozen.
The +0 dire flail of speed hits you but does no damage.
The +0 dire flail of speed resists.
The +0 dire flail of speed is frozen.
You hit the +3 dire flail of crushing.
The +3 dire flail of crushing is severely damaged.
You are no longer magically infusing your attacks.
Your spectral weapon barely misses the +3 dire flail of crushing.
The +0 dire flail of speed hits you but does no damage.
The +0 dire flail of speed resists.
The +0 dire flail of speed is frozen.
Casting: Ozocubu's Armour (safe; 12% risk of failure)
Confirm with . or Enter, or press ? or * to list all spells.
You begin infusing your attacks with magical energy.
Your icy armour evaporates.
The +3 dire flail of crushing hits you!
* * * LOW HITPOINT WARNING * * *
x2 The +0 broad axe of chopping hits you.
You die...

# #.#.....###.##### #
#.#.#.#...#.# #
###############...#.###.#.# #
#.................#.# #.#.#
###.................#.# #.#.#
......†...........#.#.###.#.#
...............(..+.......#.#
...............(..##..#####.#
###............(@.##..#.....#
##############'#(###.>#.#####
...............#.# ##.#.#
............####.# #.#.#
............# #.# #.#.#
............# #.####.#.#
###########.# #....#.#.# #.#
...#.#.#.# #.# #.#.#.#


You could see 3 dancing weapons and a friendly spectral +0 long sword.

Vanquished Creatures
  A two-headed ogre (D:6)
  Grinder (D:4)
  Sigmund (D:2)
  5 dancing weapons
  Menkaure (D:4)
  2 water moccasins (D:7)
  2 ice beasts
  A black bear (D:7)
  An orc warrior (D:6)
  3 ogres
  A bullfrog (D:7)
  Blork the orc (D:4)
  2 centaurs
  2 scorpions (D:5)
  3 wights (D:7)
  An orc priest (D:3)
  4 howler monkeys
  6 crimson imps
  2 hounds (D:5)
  4 jellies
  8 orc wizards
  Ijyb (D:4)
  3 iguanas
  2 worker ants
  A worker ant zombie (D:3)
  A howler monkey skeleton (D:4)
  7 adders
  A shadow imp (D:5)
  An ooze (D:1)
  An adder zombie (D:4)
  An adder skeleton (D:3)
  5 worms
  3 dart slugs
  4 leopard geckos
  16 orcs
  5 bats
  4 giant cockroaches
  3 goblins
  11 hobgoblins
  8 jackals
  7 kobolds
  3 quokkas
  A frilled lizard (D:4)
  4 rats
145 creatures vanquished.

Vanquished Creatures (others)
  A quokka (D:6)
  4 spectral weapons
5 creatures vanquished.

Grand Total: 150 creatures vanquished

Notes
Turn   | Place    | Note
-------+----------+-------------------------------------------
     0 | D:1      | lastchild the Vampire Skald began the quest for the Orb.
     0 | D:1      | Reached XP level 1. HP: 16/16 MP: 3/3
   239 | D:1      | Got a bound steel ring
   240 | D:1      | Identified the ring "Raxe" {+Fly MR+} (You found it on
                  | level 1 of the Dungeon)
   396 | D:1      | Reached XP level 2. HP: 12/22 MP: 1/5
   541 | D:1      | Reached skill level 4 in Charms
   652 | D:1      | Reached XP level 3. HP: 27/27 MP: 6/6
  1085 | D:2      | Reached XP level 4. HP: 33/33 MP: 4/7
  1541 | D:2      | Noticed Sigmund
  1550 | D:2      | Killed Sigmund
  1551 | D:2      | Reached skill level 5 in Long Blades
  1551 | D:2      | Reached skill level 5 in Charms
  1551 | D:2      | Reached skill level 1 in Armour
  1551 | D:2      | Reached skill level 1 in Stealth
  1551 | D:2      | Reached XP level 5. HP: 26/39 MP: 5/8
  1940 | D:3      | Learned a level 2 spell: Song of Slaying
  2226 | D:3      | Learned a level 3 spell: Ozocubu's Armour
  2354 | D:3      | Reached XP level 6. HP: 45/45 MP: 6/9
  2585 | D:4      | Noticed Menkaure
  2861 | D:3      | Noticed kosoiffoigrumme1174's ghost (amateur VSCK)
  2862 | D:3      | Found a transporter.
  2936 | D:3      | Found a transporter.
  3028 | D:3      | Found a faded altar of an unknown god.
  3338 | D:4      | Killed Menkaure
  3339 | D:4      | Reached skill level 1 in Ice Magic
  3564 | D:4      | Reached skill level 5 in Stealth
  3564 | D:4      | Reached XP level 7. HP: 23/52 MP: 3/11
  3764 | D:4      | Found a snail-covered altar of Cheibriados.
  4109 | D:4      | Noticed Blork the orc
  4159 | D:4      | Killed Blork the orc
  4330 | D:4      | Noticed Ijyb
  4340 | D:4      | Paralysed by Ijyb for 3 turns
  4344 | D:4      | Killed Ijyb
  4376 | D:4      | Found a shimmering altar of Xom.
  4406 | D:4      | Noticed Grinder
  4428 | D:4      | Paralysed by Grinder for 4 turns
  4432 | D:4      | Killed Grinder
  4433 | D:4      | Reached skill level 6 in Charms
  4433 | D:4      | Reached XP level 8. HP: 45/60 MP: 6/12
  4787 | D:4      | Found a glowing silver altar of Zin.
  4792 | D:4      | Learned a level 3 spell: Spectral Weapon
  4795 | D:4      | Learned a level 2 spell: Swiftness
  4840 | D:4      | Reached skill level 1 in Hexes
  5007 | D:5      | Entered Level 5 of the Dungeon
  5034 | D:5      | Reached skill level 7 in Charms
  5486 | D:5      | Found an ancient bone altar of Kikubaaqudgha.
  5672 | D:5      | Reached skill level 8 in Charms
  6313 | D:6      | Reached skill level 5 in Hexes
  6313 | D:6      | Found a sparkling altar of Nemelex Xobeh.
  6415 | D:6      | Reached skill level 1 in Air Magic
  6423 | D:6      | Found a staircase to the Ecumenical Temple.
  6433 | Temple   | Entered the Ecumenical Temple
  6531 | D:6      | Noticed a two-headed ogre
  6723 | D:6      | Found a white marble altar of Elyvilon.
  6771 | D:6      | Reached XP level 9. HP: 50/65 MP: 4/14
  6880 | D:6      | Found an ornate altar of the Wu Jian Council.
  6923 | D:6      | Became a worshipper of the Wu Jian Council
  7030 | D:6      | Learned a level 3 spell: Regeneration
  7045 | Temple   | Fell from the grace of Wu Jian
  7045 | Temple   | Became a worshipper of Uskayaw the Reveler
  7091 | D:6      | Reached * piety under Uskayaw
  7282 | D:6      | Reached ** piety under Uskayaw
  7296 | D:6      | Got a faintly glowing robe
  7307 | D:6      | Identified the +1 robe of Whack-A-Mole {Str+5 Int+3} (You
                  | found it on level 6 of the Dungeon)
  7468 | D:6      | Reached *** piety under Uskayaw
  7469 | D:6      | Killed a two-headed ogre
  7470 | D:6      | Reached skill level 1 in Necromancy
  7836 | D:7      | Reached skill level 5 in Armour
  8349 | D:7      | Reached **** piety under Uskayaw
  8533 | D:7      | Slain by a +0 broad axe of chopping

Skill      XL: |  1  2  3  4  5  6  7  8  9 |
---------------+----------------------------+-----
Long Blades    | 3 4 5 6 |  6.3
Charms         | 4 5 6 8 |  8.6
Fighting       | 2 3 4 |  4.1
Armour         | 1 6 |  6.2
Stealth        | 1 2 5 |  5.0
Dodging        | 3 |  3.0
Spellcasting   | 3 4 |  4.0
Ice Magic      | 1 2 |  2.0
Hexes          | 5 6 |  6.0
Air Magic      | 1 |  1.0
Necromancy     | 1 |  1.0

Action                   |  1- 3 |  4- 6 |  7- 9 || total
-------------------------+-------+-------+-------++-------
Melee: Long sword        |    93 |   107 |   240 ||   440
       Bite              |     4 |     6 |    24 ||    34
       Dagger            |     1 |       |    28 ||    29
Throw: Tomahawk          |     1 |     3 |     3 ||     7
 Cast: Infusion          |    14 |    15 |    45 ||    74
       Song of Slaying   |       |     4 |    14 ||    18
       Ozocubu's Armour  |       |     3 |    20 ||    23
       Spectral Weapon   |       |       |    15 ||    15
Invok: Line Pass         |       |       |     1 ||     1
 Abil: Lunge             |       |       |     3 ||     3
  Use: Scroll            |     1 |       |     7 ||     8
       Potion            |     2 |     6 |    23 ||    31
 Stab: Sleeping          |     5 |     2 |    13 ||    20
       Invisible         |       |       |     2 ||     2
       Distracted        |       |       |     2 ||     2
       Paralysed         |       |       |     1 ||     1
Armor: Leather armour    |    26 |    15 |    36 ||    77
       Ring mail         |       |       |    17 ||    17
Dodge: Dodged            |    73 |    47 |   151 ||   271
Block: Other             |       |    15 |    25 ||    40
